 Dungeon Crawl Stone Soup version 0.31.0-1-g2c135a0 (webtiles) character file.

Game seed: 10159274211670343365

693248 PublicAnimeNo1 the Skinwalker (level 27, -3/374 HPs)
             Began as a Troll Shapeshifter on Jan 28, 2024.
             Was a High Priest of Okawaru.
             Engulfed by a cloud of excruciating misery (14 damage)
             ... on level 2 of the Tomb of the Ancients on Jan 29, 2024.
             The game lasted 03:17:39 (57923 turns).

PublicAnimeNo1 the Skinwalker (Troll Shapeshifter) Turns: 57923, Time: 03:17:40

Health: -3/374     AC: 43    Str: 38      XL:     27
Magic:  27/30      EV: 25    Int:  5      God:    Okawaru [*****.]
Gold:   9292       SH: 22    Dex: 13 (14) Spells: 26/26 levels left

rFire   + +          .
                       - Unarmed
rCold   + + .        V - +2 shield of Resistance {rF++ rC++ Will++}
rNeg    + . .        P - melded +9 gold dragon scales of Leaves {rPois rF+ rC+ rN+ Int+2 Dex+3}
rPois   ∞            (helmet restricted)
rElec   +            O - +2 cloak {rCorr}
rCorr   +            (gloves unavailable)
SInv    .            (boots unavailable)
Will    ++++.        v - amulet of reflection
Stlth   +++          a - ring "Amuqoaf" {rElec AC+4}
HPRegen 1.62/turn    m - +5 ring of evasion
MPRegen 0.22/turn

%: reflection, clarity
@: statue-form, heroic, studying 2 skills, very slow
A: slow and powerful, torment resistance 1, boosted hp, large, unfitting armour,
claws 3, regeneration 1, (shaggy fur 1), (tough skin 1), clarity, strong 1, wild
magic 1
}: 5/15 runes: serpentine, barnacled, slimy, silver, abyssal
a: Begin Untransformation, Renounce Religion, Heroism, Finesse, Duel


You were on level 2 of the Tomb of the Ancients.
You worshipped Okawaru.
Okawaru was extremely pleased with you.
You were a living statue of rough stone.
You visited 13 branches of the dungeon, and saw 58 of its levels.
You visited the Abyss 1 time.
You also visited: Sewer, Bailey and Ice Cave.

You collected 11077 gold pieces.
You spent 1785 gold pieces at shops.

Inventory:

Missiles
 y - 27 curare-tipped darts
 F - 134 large rocks (quivered)
 M - 2 throwing nets
Armour
 O - a +2 cloak of preservation (worn)
 P - the +9 gold dragon scales of Leaves (melded) {rPois rF+ rC+ rN+ Int+2 Dex+3}
   (Okawaru gifted it to you on level 2 of the Lair of Beasts)

   Int+2:     It affects your intelligence (+2).
   Dex+3:     It affects your dexterity (+3).
   rF+:       It protects you from fire.
   rC+:       It protects you from cold.
   rPois:     It protects you from poison rN+: It protects you from negative
   energy.
 V - the +2 shield of Resistance (worn) {rF++ rC++ Will++}
   (You found it on level 13 of the Dungeon)

   rF++:      It greatly protects you from fire.
   rC++:      It greatly protects you from cold.
   Will++:    It greatly increases your willpower.
Jewellery
 a - the ring "Amuqoaf" (left claw) {rElec AC+4}
   (You took it off a deep elf annihilator on level 3 of the Elven Halls)

   [ring of protection]

   AC+4:      It affects your AC (+4).
   rElec:     It insulates you from electricity.
 m - a +5 ring of evasion (right claw)
 v - an amulet of reflection (around neck)
 Q - a +4 ring of slaying
 R - the dreamdust necklace {Acrobat}
   (You took it off an ironbound convoker on level 3 of the Vaults)

   [amulet of the acrobat]

   Acrobat:   It increases your evasion while moving and waiting.
Talismans
 b - a talisman of death
 G - a blade talisman
 W - a granite talisman (active)
Wands
 q - a wand of iceblast (61)
 x - a wand of digging (11)
 A - a wand of flame (82)
 B - a wand of mindburst (41)
 H - a wand of quicksilver (34)
 I - a wand of polymorph (13)
 J - a wand of paralysis (47)
Scrolls
 c - 2 scrolls of fear
 f - 2 scrolls of enchant weapon
 h - 13 scrolls of teleportation
 n - 4 scrolls of poison
 p - 11 scrolls of amnesia
 s - 11 scrolls of fog
 t - 2 scrolls of brand weapon
 u - 3 scrolls of torment
 z - 10 scrolls of immolation
 T - 3 scrolls of blinking
 X - 3 scrolls of enchant armour
 Y - 5 scrolls of vulnerability
Potions
 e - 24 potions of curing
 g - 4 potions of enlightenment
 i - 9 potions of attraction
 k - 4 potions of berserk rage
 l - 11 potions of heal wounds
 o - 3 potions of haste
 C - 6 potions of lignification
 D - 5 potions of invisibility
 E - 6 potions of resistance
 K - 4 potions of might
 L - 4 potions of cancellation
 N - 3 potions of brilliance
 U - a potion of mutation
Miscellaneous
 r - the horn of Geryon
 Z - a phial of floods


   Skills:
 + Level 19.2(24.2) Fighting
 + Level 13.3(18.3) Throwing
 - Level 14.9(19.9) Armour
 + Level 18.3(23.3) Dodging
 - Level 14.7(19.7) Shields
 - Level 22.0(27) Unarmed Combat
 - Level 11.9 Invocations
 - Level 4.7 Evocations
 - Level 23.0 Shapeshifting


You had 26 spell levels left.
You didn't know any spells.
Your spell library contained the following spells:

 Spells                   Type           Power      Damage    Failure   Level
 Apportation              Tloc           0%         N/A       61%         1
 Kiss of Death            Conj/Necr      0%         2d5       61%         1
 Magic Dart               Conj           0%         1d3       61%         1
 Necrotise                Necr           0%         1d4       61%         1
 Sandblast                Erth           0%         2d4       61%         1
 Shock                    Conj/Air       0%         1d3       61%         1
 Blink                    Tloc           0%         N/A       75%         2
 Cigotuvi's Dreadful Rot  Necr/Alch/Air  0%         N/A       75%         2
 Jinxbite                 Hex            0%         N/A       75%         2
 Scorch                   Fire           0%         2d5       75%         2
 Searing Ray              Conj           0%         2d4       75%         2
 Static Discharge         Conj/Air       0%         3-3/arc   75%         2
 Dazzling Flash           Conj/Hex       0%         N/A       92%         3
 Fugue of the Fallen      Necr           0%         N/A       92%         3
 Gell's Gravitas          Tloc           0%         N/A       92%         3
 Hailstorm                Conj/Ice       0%         3d5       92%         3
 Inner Flame              Hex/Fire       0%         N/A       92%         3
 Mephitic Cloud           Conj/Alch/Air  0%         N/A       92%         3
 Ozocubu's Armour         Ice            0%         N/A       92%         3
 Passwall                 Erth           0%         N/A       92%         3
 Stone Arrow              Conj/Erth      0%         3d7       92%         3
 Swiftness                Air            0%         N/A       92%         3
 Teleport Other           Tloc           0%         N/A       92%         3
 Vampiric Draining        Necr           0%         2d6       92%         3
 Volatile Blastmotes      Fire/Tloc      0%         2d10      92%         3
 Airstrike                Air            0%         2d(0-16)  100%        4
 Brom's Barrelling Bould  Conj/Erth      0%         2d3       100%        4
 Cause Fear               Hex            0%         N/A       100%        4
 Dimensional Bullseye     Hex/Tloc       0%         N/A       100%        4
 Dispel Undead            Necr           0%         3d6       100%        4
 Flame Wave               Conj/Fire      0%         2d4       100%        4
 Manifold Assault         Tloc           0%         N/A       100%        4
 Olgreb's Toxic Radiance  Alch           0%         N/A       100%        4
 Petrify                  Alch/Erth      0%         N/A       100%        4
 Sticky Flame             Fire/Alch      0%         2d4       100%        4
 Alistair's Intoxication  Alch           0%         N/A       100%        5
 Borgnjor's Vile Clutch   Necr/Erth      0%         N/A       100%        5
 Curse of Agony           Necr           0%         N/A       100%        5
 Fireball                 Conj/Fire      0%         3d3       100%        5
 Freezing Cloud           Conj/Ice/Air   0%         6-21      100%        5
 Irradiate                Conj/Alch      0%         3d11      100%        5
 Lee's Rapid Deconstruct  Erth           0%         3d4*      100%        5
 Silence                  Hex/Air        0%         N/A       100%        5
 Yara's Violent Unravell  Hex/Alch       0%         3d3       100%        5
 Dispersal                Tloc           0%         N/A       100%        6
 Starburst                Conj/Fire      0%         6d3       100%        6
 Enfeeble                 Hex            0%         N/A       100%        7
 Ozocubu's Refrigeration  Ice            0%         4d7       100%        7
 Discord                  Hex            0%         N/A       100%        8
 Ignition                 Fire           0%         3d3       100%        8
 Lehudib's Crystal Spear  Conj/Erth      0%         10d2      100%        8
 Maxwell's Capacitive Co  Air            0%         ∞         100%        8
 Call Imp                 Summ           Unusable   N/A       N/A         2
 Sublimation of Blood     Necr           Unusable   N/A       N/A         2
 Call Canine Familiar     Summ           Unusable   N/A       N/A         3
 Summon Ice Beast         Ice/Summ       Unusable   N/A       N/A         3
 Animate Armour           Summ/Erth      Unusable   N/A       N/A         4
 Animate Dead             Necr           Unusable   N/A       N/A         4
 Martyr's Knell           Necr/Summ      Unusable   N/A       N/A         4
 Summon Lightning Spire   Summ/Air       Unusable   N/A       N/A         4
 Summon Mana Viper        Hex/Summ       Unusable   N/A       N/A         5
 Death Channel            Necr           Unusable   N/A       N/A         6
 Sculpt Simulacrum        Ice/Alch       Unusable   N/A       N/A         6
 Summon Cactus Giant      Summ           Unusable   N/A       N/A         6
 Dragon's Call            Summ           Unusable   N/A       N/A         9

Dungeon Overview and Level Annotations

Branches:
Dungeon (15/15)            Temple (0/1) D:5            Lair (5/5) D:11
 Shoals (4/4) Lair:2        Snake (4/4) Lair:3        Slime (5/5) Lair:4
    Orc (2/2) D:11            Elf (3/3) Orc:2        Vaults (5/5) D:14
  Crypt (3/3) Vaults:2       Tomb (2/3) Crypt:3      Depths (4/4) D:15
   Hell (visited)             Dis (0/7) Hell            Geh (0/7) Hell
    Coc (0/7) Hell            Tar (0/7) Hell            Zot (5/5) Depths:4
  Sewer (visited)          Bailey (visited)           IceCv (visited)

Altars:
Ashenzari
Dithmenos
Elyvilon
Fedhas
Hepliaklqana
Kikubaaqudgha
Makhleb
Okawaru
Qazlal
Ru
Uskayaw
Vehumet
Wu Jian
Yredelemnul
Jiyva

Shops:
D:6 :   D:9 !   Orc:2 **[*(   Elf:1 :   Elf:2 :   Elf:3 [[*:   Shoals:1 (
Shoals:2 (   Shoals:3 ((   Vaults:3 *   Vaults:5 !!?=!=?!

Portals:
Hell: Depths:1 Depths:2 Depths:3 Depths:4
Abyss: Depths:3
Pandemonium: Depths:2 Depths:3
Ziggurat: Depths:1

Annotations:
D:7 3 runed translucent doors, Ozzieoiler's ghost, novice DsGl
Lair:5 Kirke
Shoals:4 1 runed translucent door, brinewave's ghost, adept MiBe
Orc:1 1 transporter, prawnwizard's ghost, journeyman MfMo
Elf:2 3 runed translucent doors
Crypt:1 3 runed translucent doors, Hali's ghost, veteran FoFi


Innate Abilities, Weirdness & Mutations

You are a living statue of rough stone.
Your actions are slow, but your melee attacks are powerful.
You are resistant to unholy torment.
Your maximum health is greatly increased.
Your equipment is partially melded.
You are too large for most types of armour.
You are immune to poison.
You have claws for hands.
Your natural rate of healing is unusually fast.
((You are covered in fur. (AC +1)))
((You have tough skin. (AC +1)))
You possess an exceptional clarity of mind.
Your muscles are strong. (Str +4, Int/Dex -1)
Your spells are a little harder to cast, but a little more powerful.


Message History

Welcome back to the Tomb of the Ancients!
Level annotation: Boris The ushabti shakes and rattles deafeningly! x2
You claw the bennu!
The bennu is lightly wounded.
The bennu pecks you!
* * * LOW HITPOINT WARNING * * *
The bennu claws you but does no damage. The bennu completely misses you.
The guardian mummy fails to trigger a net trap.
You barely miss Boris.
Boris is lightly damaged.
The bennu fails to trigger a net trap.
You eviscerate Boris!!!!
Boris is severely damaged.
The bennu jubilantly flits about.
Boris hits you but does no damage. Boris closely misses you.
You completely miss Boris.
Boris is severely damaged.
The ushabti fails to trigger a net trap.
Boris casts forth his victims' sorrows.
The howling sorrow hits you. You partially resist.
You gain the combat prowess of a mighty hero.
You are engulfed in excruciating misery.
* * * LOW HITPOINT WARNING * * *
Boris is no longer weakened.
The bennu fails to trigger a net trap.
Boris points at you and mumbles some strange words.
The iron shot hits you!!!
* * * LOW HITPOINT WARNING * * *
You eviscerate Boris!!!
Boris is almost destroyed.
You are engulfed in excruciating misery.
* * * LOW HITPOINT WARNING * * *
Boris hits you but does no damage. Boris barely misses you.
The ushabti fails to trigger a net trap.
You claw Boris!
You destroy Boris!
Okawaru accepts your kill.
Boris says, "We will meet again!"
You are engulfed in excruciating misery.
You die...

..............#.....#
........^.....#<9...#
).............#....(#
.)............#.....#
..............#.....#
#...#.^.......#..9((#
..............#9b9M9#
..............###°###
..............#°8..(#
.......####...#.°...#
.......# #...#^...^#
.......####...#.^...#
..............#.....#
..............#.....#
'##############'#####
...#^^,,,,,^,,'^.,,,*
...#,^,,,,,,,,*,,,,,*


You could see a guardian mummy and 3 ushabtiu.

Vanquished Creatures
  the Royal Jelly (Slime:5)
  A dread lich (Zot:5)
  2 ancient liches
  4 orbs of fire (Zot:5)
  Josephina (Zot:4)
  21 royal mummies
  Sojobo (Depths:1)
  Boris (5 times) (Elf:3 Crypt:3 Depths:2 Tomb:2)
  Vv (Zot:4)
  A curse toe (Zot:4)
  8 caustic shrikes (Depths:4)
  Vashnia (Snake:2)
  6 Killer Klowns (Zot:5)
  Geryon (Arena)
  12 golden dragons
  Norris (Vaults:1)
  Nikola (Shoals:2)
  3 electric golems
  17 tentacled monstrosities
  Asterion (Depths:1)
  25 Orb Guardians (Zot:5)
  4 liches
  17 acid blobs
  A Hell Sentinel (Tomb:1)
  5 deep elf master archers
  8 titans
  4 deep elf blademasters (Elf:3)
  9 quicksilver dragons
  Frances (Shoals:1)
  9 sphinxes
  7 searing wretches (Depths:3)
  A kraken (Shoals:4)
  11 ancient champions
  A tentacled starspawn (Abyss:3)
  14 storm dragons
  9 death cobs
  10 tengu reavers
  15 shadow dragons
  3 draconian knights
  10 azure jellies
  4 protean progenitors
  4 draconian monks
  Roxanne (Snake:1)
  4 revenants
  10 deep elf sorcerers
  5 nagarajas
  8 rockslimes (Slime:5)
  12 vault wardens
  8 frost giants
  7 draconian shifters
  3 iron dragons
  14 fire giants
  A juggernaut zombie (Crypt:3)
  6 curse skulls
  5 draconian scorchers
  3 ghost moths
  5 draconian annihilators
  A cacodemon (Hell)
  3 deep elf elementalists
  4 ghouls (Crypt:2)
  4 draconian stormcallers
  6 spriggan defenders
  An orc warlord (Vaults:3)
  10 quicksilver oozes
  21 stone giants
  7 reapers
  A caustic shrike skeleton (Tomb:2)
  15 ironbound preservers
  A juggernaut skeleton (Crypt:3)
  4 ironbound thunderhulks
  4 vampire knights
  11 formless jellyfish
  19 very ugly things
  Nessos (Lair:5)
  5 deep elf demonologists
  8 bennus
  6 deep elf death magi
  15 red draconians
  13 yellow draconians
  A bunyip (Zot:3)
  7 deep elf annihilators
  8 black draconians
  4 starcursed masses (Abyss:3)
  5 war gargoyles
  11 green draconians
  A spark wasp (Zot:4)
  10 purple draconians
  8 white draconians
  A blizzard demon (Hell)
  12 eidola
  3 crystal guardians
  7 merfolk javelineers (Shoals:4)
  7 jiangshi (Crypt:1)
  18 mummy priests
  4 entropy weavers
  A quicksilver dragon zombie (Crypt:1)
  12 ettins
  20 fire dragons
  4 deep elf high priests
  A green death (Depths:3)
  2 spriggan zombies (Crypt:3)
  An iron golem (Depths:3)
  4 rakshasas
  10 yaktaur captains
  3 salamander tyrants (Snake:4)
  6 merfolk impalers
  A fenstrider witch zombie (Crypt:3)
  5 great orbs of eyes
  11 ice dragons
  7 hydras
  2 hell beasts
  39 vault guards
  2 ogre magi (Vaults:5)
  4 peacekeepers
  2 catoblepae
  7 ironbound frosthearts
  9 anacondas
  3 spriggan air magi
  A stoker (Hell)
  5 merfolk avatars
  9 centaur warriors
  5 death knights
  5 satyrs
  An alligator snapping turtle (Shoals:2)
  2 spriggan skeletons (Tomb:2)
  3 vampire magi (Crypt:1)
  A fenstrider witch skeleton (Crypt:3)
  3 two-headed ogres
  2 boulder beetles
  A demonic crawler (Hell)
  11 naga warriors
  19 death scarabs (Tomb:1)
  3 tengu warriors
  A merfolk aquamancer (Shoals:4)
  2 death yaks (Lair:4)
  15 dancing weapons
  8 deep troll earth magi
  A hell hog (Depths:1)
  A titan zombie (Crypt:1)
  A bennu skeleton (Crypt:2)
  4 thrashing horrors (Abyss:3)
  5 orc high priests
  13 shock serpents
  5 deep troll shamans
  2 occultists
  7 spriggan berserkers
  32 hell knights
  17 naga sharpshooters
  6 deep elf knights
  A shock serpent (shapeshifter) (Vaults:5)
  9 soul eaters
  3 sun demons
  18 skeletal warriors
  A wretched star (Abyss:3)
  6 skysharks
  5 shadow wraiths
  7 salamander mystics
  A storm dragon skeleton (Crypt:3)
  3 anaconda zombies (Crypt:3)
  A bunyip zombie (Tomb:1)
  9 flayed ghosts
  A shadow demon (Depths:2)
  13 mana vipers
  3 sixfirhies
  A spectral spark wasp (Depths:1)
  A spatial maelstrom (Abyss:3)
  3 deep elf archers (Elf:2)
  5 glowing orange brains
  5 arcanists
  2 quicksilver dragon simulacra
  9 iron trolls
  5 naga ritualists
  14 sea snakes
  A lindwurm (shapeshifter) (Depths:3)
  59 deep trolls
  A swamp dragon (Abyss:3)
  A mana viper (shapeshifter) (Depths:3)
  20 phantasmal warriors
  A sun moth (shapeshifter) (Vaults:5)
  22 deep elf pyromancers
  22 necromancers
  9 orc sorcerers
  19 lindwurms
  11 orc knights
  28 harpies
  7 ironbound convokers
  33 ugly things
  2 shining eyes
  2 wolf spiders (Crypt:3)
  21 deep elf zephyrmancers
  A stone giant zombie (Vaults:3)
  A human zombie (Vaults:3)
  23 moths of wrath
  24 salamanders
  A shadow dragon skeleton (Crypt:2)
  4 centaur zombies (Crypt:3)
  3 cyclopes
  9 fauns
  16 manticores
  2 dire elephant zombies
  2 apocalypse crabs (Abyss:3)
  15 vault sentinels
  2 worldbinders (Abyss:3)
  25 black mambas
  5 water nymphs
  3 stone giant skeletons
  13 naga magi
  8 elephants
  2 merfolk sirens
  A meliai (shapeshifter) (Depths:3)
  4 kobold blastminers (Orc:2)
  10 guardian serpents
  2 eyes of devastation
  A water nymph (shapeshifter) (Depths:3)
  5 naga zombies
  3 torpor snails
  2 ice statues (IceCv)
  2 large abominations (Abyss:3)
  3 smoke demons
  2 gargoyles
  9 cane toads
  2 centaur skeletons
  An orange demon (Hell)
  A yaktaur zombie (Vaults:3)
  An unseen horror (D:10)
  3 hellions (Hell)
  3 dire elephant skeletons
  A kobold demonologist (D:13)
  A tormentor (Depths:2)
  12 guardian mummies
  2 rime drakes
  An efreet (D:13)
  11 freezing wraiths
  24 yaktaurs
  3 tengu conjurers
  10 komodo dragons
  An anaconda simulacrum (Hell)
  An ice devil (Depths:3)
  A red devil (Hell)
  5 ancient zymes (Abyss:3)
  4 harpy zombies
  8 trolls
  25 merfolk
  4 polar bears
  6 wind drakes
  A polar bear (shapeshifter) (D:13)
  An alligator simulacrum (Crypt:2)
  13 hellwings (Crypt:3)
  4 harpy skeletons
  2 tarantellas
  A troll (shapeshifter) (Elf:3)
  6 hornets
  9 glass eyes
  A tarantella (shapeshifter) (Vaults:5)
  18 blink frogs
  6 snapping turtles
  A culicivora zombie (Crypt:2)
  An ettin zombie (Crypt:3)
  A snapping turtle (shapeshifter) (Depths:3)
  13 dream sheep
  73 slime creatures
  2 ice dragon zombies
  3 jumping spiders (Crypt:3)
  A draconian simulacrum (Zot:4)
  7 water elementals
  2 air elementals (Elf:3)
  12 spriggans
  A shadow (D:13)
  10 wraiths
  40 yaks
  2 ynoxinuls (Abyss:3)
  An ice dragon skeleton (Crypt:2)
  A spriggan (shapeshifter) (D:15)
  15 wyverns
  23 ushabtiu
  5 fire elementals
  3 vampires
  4 fire bats (D:13)
  2 hogs (Lair:5)
  A redback (shapeshifter) (Depths:3)
  5 golden eyes (Slime:2)
  A steam dragon (Lair:2)
  11 basilisks
  2 wargs (Orc:1)
  A green draconian simulacrum (Zot:4)
  2 chaos spawn (Abyss:3)
  8 redbacks
  A merfolk zombie (Crypt:2)
  Edmund (D:5)
  A water nymph zombie (Crypt:2)
  4 spatial vortices (Abyss:3)
  45 nagas
  2 harpy simulacra
  A swamp worm (shapeshifter) (Vaults:5)
  A deep troll zombie (Hell)
  2 hell hounds
  13 water moccasins
  An entropy weaver zombie (Crypt:2)
  4 acid dragons
  A two-headed ogre skeleton (Crypt:3)
  A sky beast (D:6)
  A moth of wrath simulacrum (Zot:4)
  3 naga skeletons
  A sky beast (shapeshifter) (D:14)
  5 laughing skulls (Crypt:1)
  13 orc warriors
  5 spriggan simulacra (Depths:3)
  3 ogres
  3 ice beasts (D:8)
  3 boggarts (Vaults:2)
  A crocodile (Sewer)
  6 wolves
  7 centaurs
  A crocodile (shapeshifter) (Elf:1)
  A phantom (D:4)
  A hog zombie (Crypt:1)
  A human skeleton (Vaults:3)
  3 kobold brigands
  A salamander zombie (Crypt:1)
  12 bullfrogs
  2 scorpions
  3 earth elementals (Elf:2)
  A necrophage (Crypt:2)
  A small abomination (Abyss:3)
  A cane toad simulacrum (IceCv)
  13 wights (D:8)
  8 gnoll sergeants (Bailey)
  9 wyvern skeletons (Crypt:3)
  A cyclops skeleton (Crypt:2)
  2 elephant simulacra (IceCv)
  6 killer bees
  A yak zombie (Crypt:1)
  5 electric eels
  A howler monkey (D:12)
  A crimson imp (D:14)
  2 lava snakes (D:13)
  A bombardier beetle (D:4)
  9 jellies
  7 gnoll boudas (Bailey)
  14 orc priests
  A black bear zombie (Crypt:2)
  6 hounds
  2 iguanas
  2 sleepcaps (D:7)
  Ijyb (D:4)
  24 orc wizards
  12 hell rats
  A polar bear simulacrum (IceCv)
  2 wolf simulacra (IceCv)
  A deep dwarf skeleton (Crypt:1)
  An ogre skeleton (Crypt:2)
  38 mummies
  5 gnolls (Bailey)
  8 adders
  3 shadow imps
  13 white imps
  4 ufetubi
  An adder skeleton (Crypt:1)
  3 dart slugs
  38 orcs
  11 endoplasms
  2 giant cockroaches
  11 goblins
  6 hobgoblins
  8 jackals
  33 kobolds
  3 training dummies (Shoals:3)
  7 ball pythons
  7 bats
  2 frilled lizards
  14 rats
  2 aspiring fleshes
2511 creatures vanquished.

Vanquished Creatures (others)
  A draconian knight (Zot:4)
  An ironbound preserver (Vaults:3)
  A naga sharpshooter (Snake:4)
  2 orc knights (Vaults:3)
  A naga mage (Snake:1)
  An orc wizard (Orc:2)
  A lurking horror (Abyss:3)
  2 starspawn tentacles (Abyss:3)
  4 tentacles (Shoals:4)
14 creatures vanquished.

Grand Total: 2525 creatures vanquished

Notes
Turn   | Place    | Note
-------+----------+-------------------------------------------
     0 | D:1      | PublicAnimeNo1 the Troll Shapeshifter began the quest for
                  | the Orb.
     0 | D:1      | Reached XP level 1. HP: 18/18 MP: 0/0
    63 | D:1      | Reached skill level 1 in Fighting
   121 | D:1      | Reached XP level 2. HP: 27/27 MP: 1/1
   472 | D:1      | You fall into a shaft and drop 1 floor!
   807 | D:2      | Reached XP level 3. HP: 32/33 MP: 2/2
  1266 | D:3      | Found a shadowy altar of Dithmenos.
  1266 | D:3      | Found a broken altar of Ashenzari.
  1266 | D:3      | Found an iron altar of Okawaru.
  1280 | D:3      | Found a transporter.
  1291 | D:3      | Found a transporter.
  1321 | D:3      | Reached XP level 4. HP: 42/42 MP: 3/3
  1372 | D:3      | Became a worshipper of Warmaster Okawaru
  1416 | D:3      | Found a radiant altar of Vehumet.
  1500 | D:3      | Found a white marble altar of Elyvilon.
  1538 | D:3      | Reached XP level 5. HP: 38/50 MP: 4/4
  1589 | D:3      | Found a glowing drain.
  1608 | Sewer    | Entered a sewer
  1680 | Sewer    | Noticed a crocodile
  1689 | Sewer    | Killed a crocodile
  1690 | Sewer    | Reached skill level 4 in Shapeshifting
  2042 | D:3      | Found a basalt altar of Yredelemnul.
  2394 | D:4      | Reached XP level 6. HP: 59/59 MP: 5/5
  2422 | D:4      | Noticed Ijyb
  2440 | D:4      | Killed Ijyb
  2714 | D:4      | Reached skill level 5 in Unarmed Combat
  2778 | D:4      | Reached * piety under Okawaru
  3126 | D:5      | Entered Level 5 of the Dungeon
  3193 | D:5      | Reached XP level 7. HP: 67/67 MP: 6/6
  3199 | D:5      | Found a hide-covered altar of Uskayaw.
  3201 | D:5      | Found an ornate altar of the Wu Jian Council.
  3202 | D:5      | Found a hazy altar of Hepliaklqana.
  3213 | D:5      | Found a staircase to the Ecumenical Temple.
  3234 | D:5      | Found a burning altar of Makhleb.
  3335 | D:5      | Reached skill level 5 in Shapeshifting
  3472 | D:5      | Noticed Edmund
  3479 | D:5      | Killed Edmund
  3896 | D:6      | Found Suboec's Book Boutique.
  3950 | D:6      | Reached XP level 8. HP: 78/78 MP: 7/7
  3972 | D:6      | Reached ** piety under Okawaru
  4280 | D:6      | Reached skill level 1 in Armour
  4337 | D:6      | Found a blossoming altar of Fedhas.
  4612 | D:7      | Noticed Ozzieoiler's ghost (novice DsGl)
  4616 | D:7      | Found a runed translucent gate.
  4616 | D:7      | Found a runed translucent gate.
  4616 | D:7      | Found a runed translucent gate.
  4691 | D:7      | Reached skill level 1 in Invocations
  4691 | D:7      | Reached skill level 6 in Shapeshifting
  4961 | D:8      | Reached *** piety under Okawaru
  4972 | D:8      | Reached XP level 9. HP: 69/87 MP: 7/9
  5024 | D:8      | Reached skill level 5 in Fighting
  5143 | D:8      | Found a sacrificial altar of Ru.
  5254 | D:8      | Reached **** piety under Okawaru
  6066 | D:9      | Found a flagged portal.
  6101 | Bailey   | Entered a bailey
  6282 | Bailey   | Reached XP level 10. HP: 83/98 MP: 11/11
  6314 | Bailey   | Reached ***** piety under Okawaru
  6315 | Bailey   | Reached skill level 7 in Shapeshifting
  6358 | Bailey   | Reached skill level 5 in Dodging
  6430 | Bailey   | Identified the +8 eveningstar of Ucatsoi {antimagic, +Blink
                  | rC+ Will+}
  6822 | D:9      | Found Riatesit's Distillery.
  6833 | D:9      | Bought a potion of curing for 39 gold pieces
  6833 | D:9      | Bought a potion of resistance for 130 gold pieces
  6866 | D:9      | Received a gift from Okawaru
  7055 | D:10     | Entered Level 10 of the Dungeon
  7217 | D:10     | Reached XP level 11. HP: 107/107 MP: 13/13
  7500 | D:11     | Found a staircase to the Orcish Mines.
  7518 | D:11     | Noticed a deep elf pyromancer
  7533 | D:11     | Killed a deep elf pyromancer
  7533 | D:11     | Received a gift from Okawaru
  7726 | D:11     | Reached skill level 5 in Invocations
  7736 | D:11     | Reached skill level 5 in Armour
  7969 | D:11     | Found a staircase to the Lair.
  7995 | D:11     | Reached skill level 8 in Shapeshifting
  8851 | Lair:1   | Entered Level 1 of the Lair of Beasts
  8859 | Lair:1   | Received a gift from Okawaru
  9120 | Lair:1   | Noticed a catoblepas
  9130 | Lair:1   | Killed a catoblepas
  9239 | Lair:1   | Got the Vellum of the Destined Pyromaniac
  9319 | Lair:1   | Reached XP level 12. HP: 96/118 MP: 15/15
  9897 | Lair:2   | Found a staircase to the Shoals.
  9907 | Lair:2   | Received a gift from Okawaru
 10300 | Lair:2   | Reached ****** piety under Okawaru
 10302 | Lair:2   | Acquired a +4 triple crossbow of flaming
 10302 | Lair:2   | Received a gift from Okawaru
 10304 | Lair:2   | Acquired the +9 gold dragon scales of Leaves {rPois rF+ rC+
                  | rN+ Int+2 Dex+3}
 10304 | Lair:2   | Received a gift from Okawaru
 10375 | Lair:2   | Reached skill level 1 in Throwing
 10804 | Lair:3   | Reached skill level 9 in Shapeshifting
 10908 | Lair:3   | Reached skill level 10 in Unarmed Combat
 10969 | Lair:3   | Found a staircase to the Snake Pit.
 11160 | Lair:3   | Received a gift from Okawaru
 11609 | Lair:4   | Noticed a four-headed hydra
 11616 | Lair:4   | Noticed a five-headed hydra
 11658 | Lair:4   | Killed a six-headed hydra
 11672 | Lair:4   | Found a viscous altar of Jiyva.
 11673 | Lair:4   | Found a staircase to the Slime Pits.
 11737 | Lair:4   | Received a gift from Okawaru
 11813 | Lair:4   | Noticed a death yak
 11826 | Lair:4   | Noticed a death yak
 11828 | Lair:4   | Killed a death yak
 11838 | Lair:4   | Killed a death yak
 11867 | Lair:4   | Reached XP level 13. HP: 125/127 MP: 17/17
 11945 | Lair:4   | Reached skill level 10 in Shapeshifting
 12245 | Lair:5   | Entered Level 5 of the Lair of Beasts
 12321 | Lair:5   | Received a gift from Okawaru
 12780 | Lair:5   | Received a gift from Okawaru
 12862 | Lair:5   | Noticed Nessos
 12868 | Lair:5   | Killed Nessos
 12883 | Lair:5   | Noticed Kirke
 13321 | Orc:1    | Entered Level 1 of the Orcish Mines
 13381 | Orc:1    | Found a transporter.
 13383 | Orc:1    | Identified the +0 giant spiked club of Extinguishment
                  | {heavy, ^Contam rF+++ Str-2 Stlth+}
 13383 | Orc:1    | Noticed an ettin
 13383 | Orc:1    | Noticed prawnwizard's ghost (journeyman MfMo)
 13496 | Orc:1    | Received a gift from Okawaru
 13564 | Orc:1    | You fall into a shaft and drop 1 floor!
 13564 | Orc:2    | Entered Level 2 of the Orcish Mines
 13631 | Orc:2    | Found a frozen archway.
 13654 | IceCv    | Entered an ice cave
 13677 | IceCv    | Reached skill level 11 in Shapeshifting
 13778 | IceCv    | Found a transporter.
 13801 | IceCv    | Found a transporter.
 13830 | IceCv    | Identified the +6 dagger of Untimely Demise {antimagic,
                  | rPois rF- Str+3}
 13916 | Orc:2    | Found Tocvir's Gadget Gallery.
 13962 | Orc:2    | Found a staircase to the Elven Halls.
 14388 | Orc:2    | Paralysed by an orc sorcerer for 2 turns
 14393 | Orc:2    | Reached XP level 14. HP: 137/137 MP: 18/18
 14420 | Orc:2    | Found Siuttif's Antique Weapon Shop.
 14439 | Orc:2    | Found Neinod's Assorted Antiques.
 14440 | Orc:2    | Found Ozxaareh's General Store.
 14441 | Orc:2    | Found Litoc Ilin's Antique Armour Shoppe.
 14482 | Orc:2    | Received a gift from Okawaru
 14496 | Orc:2    | Reached skill level 5 in Throwing
 14715 | Orc:1    | Paralysed by an orc sorcerer for 5 turns
 15246 | D:12     | Received a gift from Okawaru
 15915 | D:13     | Received a gift from Okawaru
 16024 | D:13     | Noticed a frost giant
 16039 | D:13     | Killed a frost giant
 16063 | D:13     | Reached skill level 12 in Shapeshifting
 16143 | D:13     | Found the +2 shield of Resistance {rF++ rC++ Will++}
 16265 | D:13     | Noticed a tengu reaver
 16279 | D:13     | Killed a tengu reaver
 16279 | D:13     | Received a gift from Okawaru
 16280 | D:13     | Reached skill level 1 in Shields
 17089 | D:14     | Reached XP level 15. HP: 148/148 MP: 20/20
 17509 | D:14     | Identified a scroll of acquirement
 17509 | D:14     | Acquired a manual of Unarmed Combat
 17649 | D:14     | Found a gate to the Vaults.
 17659 | D:14     | Received a gift from Okawaru
 18354 | D:15     | Entered Level 15 of the Dungeon
 19006 | D:15     | Found a staircase to the Depths.
 19236 | Snake:1  | Entered Level 1 of the Snake Pit
 19367 | Snake:1  | Received a gift from Okawaru
 19488 | Snake:1  | Noticed Roxanne
 19512 | Snake:1  | Killed Roxanne
 20567 | Snake:2  | Reached skill level 10 in Fighting
 20781 | Snake:2  | Received a gift from Okawaru
 20791 | Snake:2  | Reached skill level 5 in Shields
 20847 | Snake:2  | Noticed a nagaraja
 20859 | Snake:2  | Killed a nagaraja
 20860 | Snake:2  | Noticed Vashnia
 20867 | Snake:2  | Reached skill level 15 in Unarmed Combat
 20892 | Snake:2  | Killed Vashnia
 20892 | Snake:2  | Received a gift from Okawaru
 20974 | Snake:2  | Reached XP level 16. HP: 139/158 MP: 21/21
 21151 | Snake:2  | You fall into a shaft and drop 1 floor!
 21195 | Snake:3  | Reached skill level 13 in Shapeshifting
 21327 | Snake:3  | Identified the +4 trident of the Vulture {heavy, rF- rC+
                  | Int+4 SInv}
 21348 | Snake:3  | Received a gift from Okawaru
 21860 | Snake:4  | Entered Level 4 of the Snake Pit
 21887 | Snake:4  | Received a gift from Okawaru
 22029 | Snake:4  | Found a hide-covered altar of Uskayaw.
 22297 | Snake:4  | Received a gift from Okawaru
 22646 | Snake:4  | Reached XP level 17. HP: 169/170 MP: 22/22
 22701 | Snake:4  | Received a gift from Okawaru
 22776 | Arena    | Entered the Arena
 22821 | Snake:4  | Received a gift from Okawaru
 22901 | Snake:4  | Got a serpentine rune of Zot
 23270 | Shoals:1 | Entered Level 1 of the Shoals
 23417 | Shoals:1 | Reached skill level 10 in Shields
 23461 | Shoals:1 | Noticed Frances
 23474 | Shoals:1 | Killed Frances
 23493 | Shoals:1 | Reached skill level 14 in Shapeshifting
 23670 | Shoals:1 | You fall into a shaft and drop 1 floor!
 23670 | Shoals:2 | Found Nobeihou's Antique Weapon Shop.
 23716 | Shoals:2 | Received a gift from Okawaru
 23859 | Shoals:2 | Noticed Nikola
 23927 | Shoals:2 | Killed Nikola
 24360 | Shoals:3 | Found Unkiriom's Firing Range.
 24412 | Shoals:3 | Got the Anthology of the Volley
 24506 | Shoals:3 | Received a gift from Okawaru
 24728 | Shoals:4 | Entered Level 4 of the Shoals
 24824 | Shoals:4 | Reached XP level 18. HP: 182/182 MP: 23/23
 24838 | Shoals:4 | Found the +5 woodcutter's axe
 24986 | Shoals:3 | Found Ekupular's Weapon Boutique.
 25349 | Shoals:3 | Received a gift from Okawaru
 25570 | Shoals:4 | Found a runed translucent door.
 25570 | Shoals:4 | Noticed brinewave's ghost (adept MiBe)
 25675 | Shoals:4 | Got a barnacled rune of Zot
 25854 | Shoals:1 | Found Awequp's Antique Weapon Shoppe.
 26005 | Vaults:1 | Entered Level 1 of the Vaults
 26042 | Vaults:1 | Received a gift from Okawaru
 26424 | Vaults:1 | Received a gift from Okawaru
 26471 | Vaults:1 | Noticed Norris
 26487 | Vaults:1 | Killed Norris
 26890 | Vaults:1 | Reached skill level 15 in Shapeshifting
 27697 | Vaults:2 | Reached XP level 19. HP: 154/192 MP: 21/24
 27975 | Vaults:2 | Received a gift from Okawaru
 28520 | Vaults:2 | Reached skill level 10 in Dodging
 28681 | Vaults:2 | Reached skill level 10 in Armour
 28994 | Vaults:2 | Found a staircase to the Crypt.
 29283 | Vaults:3 | Received a gift from Okawaru
 29706 | Vaults:3 | Found Zealut's Assorted Antiques.
 29714 | Vaults:3 | Bought a potion of heal wounds for 165 gold pieces
 29760 | Vaults:3 | Paralysed by a formless jellyfish for 1 turns
 30169 | Vaults:3 | Received a gift from Okawaru
 31122 | Vaults:4 | Received a gift from Okawaru
 31302 | Vaults:4 | Reached skill level 10 in Invocations
 31305 | Vaults:4 | Reached XP level 20. HP: 180/202 MP: 26/26
 31796 | Vaults:5 | Entered Level 5 of the Vaults
 31804 | Vaults:5 | Received a gift from Okawaru
 31811 | Vaults:5 | Found Hotabith's Magic Scroll Shoppe.
 32254 | Vaults:5 | Identified the +1 scale mail of Dugyale {+Inv Fly Str+5}
 32359 | Vaults:5 | Reached skill level 16 in Shapeshifting
 32423 | Vaults:5 | Found Esae's Jewellery Shoppe.
 32423 | Vaults:5 | Found Baraf's Jewellery Shop.
 32460 | Arena    | Entered the Arena
 32502 | Vaults:5 | Received a gift from Okawaru
 32643 | Vaults:5 | Reached skill level 1 in Evocations
 32667 | Vaults:5 | Found Yrhett's Distillery.
 32865 | Vaults:5 | Bought a potion of cancellation for 168 gold pieces
 32865 | Vaults:5 | Bought a potion of might for 84 gold pieces
 33045 | Vaults:5 | Noticed a golden dragon
 33065 | Vaults:5 | Killed a golden dragon
 33176 | Vaults:5 | Received a gift from Okawaru
 33488 | Vaults:5 | Reached XP level 21. HP: 157/213 MP: 28/28
 33583 | Vaults:5 | Found Raklath's Distillery.
 33588 | Vaults:5 | Bought a potion of might for 64 gold pieces
 33588 | Vaults:5 | Bought a potion of ambrosia for 128 gold pieces
 33588 | Vaults:5 | Bought a potion of heal wounds for 80 gold pieces
 33596 | Vaults:5 | Found Uxtar's Magic Scroll Shop.
 33804 | Vaults:5 | Found Nirolaw's Distillery.
 33809 | Vaults:5 | Bought a potion of curing for 36 gold pieces
 33809 | Vaults:5 | Bought 2 potions of mutation for 192 gold pieces
 33809 | Vaults:5 | Bought a potion of mutation for 96 gold pieces
 33809 | Vaults:5 | Bought a potion of curing for 36 gold pieces
 33809 | Vaults:5 | Bought a potion of curing for 36 gold pieces
 33809 | Vaults:5 | Bought a potion of curing for 36 gold pieces
 34027 | Vaults:5 | Found Uqor's Distillery.
 34057 | Vaults:5 | Got a silver rune of Zot
 34070 | Vaults:5 | Bought a potion of ambrosia for 120 gold pieces
 34070 | Vaults:5 | Bought a potion of haste for 150 gold pieces
 34070 | Vaults:5 | Bought a potion of might for 60 gold pieces
 34070 | Vaults:5 | Bought a potion of curing for 45 gold pieces
 34070 | Vaults:5 | Bought a potion of heal wounds for 75 gold pieces
 34070 | Vaults:5 | Bought a potion of curing for 45 gold pieces
 34386 | Elf:1    | Entered Level 1 of the Elven Halls
 34546 | Elf:1    | Received a gift from Okawaru
 35032 | Elf:1    | Got the Directory of Generative Conjuring
 35071 | Elf:1    | Found Nauseq's Book Emporium.
 35509 | Elf:2    | Found Piutt's Book Emporium.
 35617 | Elf:2    | Found a runed translucent gate.
 35636 | Elf:2    | Found a runed translucent gate.
 35636 | Elf:2    | Found a runed translucent gate.
 35919 | Elf:3    | Entered Level 3 of the Elven Halls
 35941 | Elf:3    | Received a gift from Okawaru
 35954 | Elf:3    | Noticed Boris
 35982 | Elf:3    | Killed Boris
 36124 | Elf:3    | Paralysed by an air elemental for 1 turns
 36129 | Elf:3    | Paralysed by an air elemental for 1 turns
 36189 | Elf:3    | Found Gibrusmuss's Book Boutique.
 36323 | Elf:3    | Found Nusuh's General Store.
 36335 | Elf:3    | Found Moylaed's Armour Boutique.
 36400 | Elf:3    | Paralysed by an air elemental for 1 turns
 36770 | Elf:3    | Received a gift from Okawaru
 37033 | Elf:3    | Identified the +5 glaive "Rethywoqips" {venom, Will+ Int+2
                  | Dex+4}
 37036 | Elf:3    | Identified the +1 trident of Tomorrow {speed, ^Contam rF++
                  | rC+}
 37070 | Elf:3    | Identified the +7 demon whip "Ucsyaqe" {drain, Str-4 Dex+2
                  | SInv}
 37104 | Elf:3    | Found the +11 plutonium sword {^Contam Stlth-}
 37127 | Elf:3    | Identified the ring "Amuqoaf" {rElec AC+4}
 37179 | Arena    | Entered the Arena
 37224 | Elf:3    | Identified the +5 scale mail of Cowardice {rCorr Int+4
                  | Dex+2}
 37228 | Elf:3    | Identified the +1 ring mail of Ytausom {Stlth+}
 37235 | Elf:3    | Identified the +7 arbalest of Experimentation {penet,
                  | Dex+2}
 37270 | Elf:3    | Got Sif Muna's Precepts of Dynamic Hexes
 37285 | Elf:3    | Identified the staff of Pestilence {rC+ Conj Ice}
 37298 | Elf:3    | Identified the +1 robe of Infinity {rC+}
 37315 | Elf:3    | Identified the +4 arbalest of Painful Death {penet, +Blink
                  | rF+ rN+}
 37573 | Elf:3    | Found Aroysh's Armour Boutique.
 37829 | Crypt:1  | Entered Level 1 of the Crypt
 38089 | Crypt:1  | Found a runed translucent gate.
 38089 | Crypt:1  | Found a runed translucent gate.
 38089 | Crypt:1  | Found a runed translucent gate.
 38089 | Crypt:1  | Noticed Hali's ghost (veteran FoFi)
 38261 | Crypt:1  | Reached XP level 22. HP: 217/217 MP: 29/29
 38310 | Crypt:1  | Received a gift from Okawaru
 39243 | Crypt:2  | Received a gift from Okawaru
 39582 | Crypt:3  | Entered Level 3 of the Crypt
 39595 | Crypt:3  | Noticed Boris
 39605 | Crypt:3  | Killed Boris
 40345 | Crypt:3  | Found an ancient bone altar of Kikubaaqudgha.
 40360 | Crypt:3  | Received a gift from Okawaru
 40361 | Crypt:3  | Reached skill level 17 in Shapeshifting
 40418 | Crypt:3  | Identified the +5 war axe of Pestilence {speed, ^Drain
                  | Str+5}
 40465 | Crypt:3  | Noticed an ancient lich
 40475 | Crypt:3  | Killed an ancient lich
 40858 | Crypt:3  | Found a staircase to the Tomb.
 40962 | Crypt:3  | Identified the +2 robe of the Morning {Stlth+}
 41724 | Slime:1  | Entered Level 1 of the Pits of Slime
 41815 | Slime:3  | Received a gift from Okawaru
 41821 | Slime:3  | Reached skill level 15 in Fighting
 41978 | Slime:4  | Gained mutation: You have a pair of small antennae on your
                  | head. [a shining eye]
 42090 | Slime:5  | Entered Level 5 of the Pits of Slime
 42128 | Slime:5  | Found a viscous altar of Jiyva.
 42128 | Slime:5  | Noticed the Royal Jelly
 42199 | Slime:5  | Reached XP level 23. HP: 235/235 MP: 30/30
 42459 | Slime:5  | Received a gift from Okawaru
 42711 | Slime:5  | Killed the Royal Jelly
 42712 | Slime:5  | Reached skill level 18 in Shapeshifting
 42876 | Slime:5  | Gained mutation: Your body sometimes deteriorates upon
                  | taking damage. [a shining eye]
 42954 | Slime:5  | Got the Meditations on the Ghastly Barrage
 42976 | Slime:5  | Identified the +0 robe of Exclusion {rElec rPois Str-4
                  | Archmagi}
 42988 | Slime:5  | Got a slimy rune of Zot
 42989 | Slime:5  | Identified the ring of Devotion {rF+ Stlth+}
 43013 | Slime:5  | Identified the +1 scimitar of Death's Door {pain, rF+ Str+4
                  | Int+2}
 43029 | Slime:5  | Identified the staff "Wedi" {rPois Dex+4 Alchemy}
 43312 | Depths:1 | Entered Level 1 of the Depths
 43392 | Depths:1 | Found a gateway to Hell.
 43443 | Depths:1 | Acquired a manual of Dodging
 43475 | Depths:1 | Received a gift from Okawaru
 43619 | Depths:1 | Found a shadowy altar of Dithmenos.
 43664 | Depths:1 | Noticed Sojobo
 43697 | Depths:1 | Paralysed by an air elemental for 1 turns
 43700 | Depths:1 | Paralysed by an air elemental for 1 turns
 43704 | Depths:1 | Killed Sojobo
 43704 | Depths:1 | Received a gift from Okawaru
 43943 | Depths:1 | Noticed Asterion
 43949 | Depths:1 | Killed Asterion
 44035 | Depths:1 | Found a one-way gateway to a ziggurat.
 44625 | Depths:2 | Found a one-way gate leading to the halls of Pandemonium.
 44627 | Depths:2 | Received a gift from Okawaru
 44736 | Depths:2 | Noticed Boris
 44747 | Depths:2 | Killed Boris
 45050 | Depths:2 | Received a gift from Okawaru
 45079 | Depths:2 | Reached skill level 19 in Shapeshifting
 45091 | Depths:2 | Reached XP level 24. HP: 247/247 MP: 30/30
 45105 | Depths:2 | Found a stormy altar of Qazlal.
 45939 | Depths:3 | Noticed Boris
 45948 | Depths:2 | Killed Boris
 46013 | Depths:3 | Received a gift from Okawaru
 46525 | Depths:3 | Found a one-way gate to the infinite horrors of the Abyss.
 46703 | Depths:3 | Received a gift from Okawaru
 47046 | Depths:3 | Found a white marble altar of Elyvilon.
 47206 | Depths:4 | Entered Level 4 of the Depths
 47483 | Depths:4 | Received a gift from Okawaru
 47581 | Depths:4 | Received a gift from Okawaru
 47753 | Depths:4 | Found a gate to the Realm of Zot.
 47803 | Zot:1    | Entered Level 1 of the Realm of Zot
 47855 | Arena    | Entered the Arena
 47898 | Depths:4 | Reached skill level 20 in Shapeshifting
 48180 | Zot:1    | Received a gift from Okawaru
 48181 | Zot:1    | Reached XP level 25. HP: 258/258 MP: 30/30
 49004 | Zot:2    | Reached skill level 15 in Dodging
 49110 | Zot:2    | Received a gift from Okawaru
 50134 | Zot:3    | Received a gift from Okawaru
 50574 | Zot:4    | Identified the ring of the Doge {Ice SInv}
 50574 | Zot:4    | Noticed Josephina
 50645 | Zot:4    | Killed Josephina
 50778 | Zot:4    | Reached skill level 21 in Shapeshifting
 50786 | Zot:4    | Received a gift from Okawaru
 51669 | Zot:4    | Received a gift from Okawaru
 51733 | Zot:4    | Noticed Vv
 51747 | Zot:4    | Killed Vv
 51877 | Zot:4    | Found the +4 Cigotuvi's embrace {Corpsefed rMiasma ^Drain
                  | rN+}
 51992 | Zot:5    | Entered Level 5 of the Realm of Zot
 52007 | Zot:5    | Reached XP level 26. HP: 270/270 MP: 30/30
 52340 | Zot:5    | Noticed a dread lich
 52350 | Zot:5    | Killed a dread lich
 52492 | Zot:5    | Noticed an orb of fire
 52493 | Zot:5    | Gained mutation: You occasionally lose the ability to read
                  | scrolls when taking damage. [an orb of fire]
 52497 | Zot:5    | Killed an orb of fire
 52497 | Zot:5    | Received a gift from Okawaru
 52509 | Zot:5    | Noticed an orb of fire
 52518 | Zot:5    | Gained mutation: Your health recovers twice as slowly from
                  | being drained. [an orb of fire]
 52519 | Zot:5    | Killed an orb of fire
 52521 | Zot:5    | Noticed an orb of fire
 52525 | Zot:5    | Killed an orb of fire
 52528 | Zot:5    | Noticed an orb of fire
 52532 | Zot:5    | Gained mutation: You are clumsy. (Dex -2) [an orb of fire]
 52535 | Zot:5    | Killed an orb of fire
 52840 | Zot:5    | Reached skill level 22 in Shapeshifting
 52842 | Zot:5    | Received a gift from Okawaru
 52868 | Zot:5    | Noticed an ancient lich
 52886 | Zot:5    | Killed an ancient lich
 52891 | Zot:5    | Reached skill level 10 in Throwing
 52928 | Zot:5    | Received a gift from Okawaru
 53547 | D:9      | Lost mutation: Your health recovers twice as slowly from
                  | being drained. [potion of mutation]
 53547 | D:9      | Lost mutation: You are clumsy. (Dex -2) [potion of
                  | mutation]
 53547 | D:9      | Gained mutation: Your magical capacity is low. (-10% MP)
                  | [potion of mutation]
 53547 | D:9      | Gained mutation: You are dopey. (Int -2) [potion of
                  | mutation]
 53547 | D:9      | Gained mutation: You are frail. (-10% HP) [potion of
                  | mutation]
 53553 | D:9      | Lost mutation: Your body sometimes deteriorates upon taking
                  | damage. [potion of mutation]
 53553 | D:9      | Lost mutation: You have a pair of small antennae on your
                  | head. [potion of mutation]
 53553 | D:9      | Gained mutation: You are weak. (Str -2) [potion of
                  | mutation]
 53553 | D:9      | Gained mutation: You are strong-willed. (Will+) [potion of
                  | mutation]
 53554 | D:9      | Lost mutation: Your magical capacity is low. (-10% MP)
                  | [potion of mutation]
 53554 | D:9      | Lost mutation: You are frail. (-10% HP) [potion of
                  | mutation]
 53554 | D:9      | Lost mutation: You are weak. (Str -2) [potion of mutation]
 53554 | D:9      | Gained mutation: You have a pair of small antennae on your
                  | head. [potion of mutation]
 53554 | D:9      | Gained mutation: You are somewhat resistant to further
                  | mutation. [potion of mutation]
 53555 | D:9      | Lost mutation: You have a pair of small antennae on your
                  | head. [potion of mutation]
 53555 | D:9      | Lost mutation: You are dopey. (Int -2) [potion of mutation]
 53555 | D:9      | Lost mutation: You are somewhat resistant to further
                  | mutation. [potion of mutation]
 53555 | D:9      | Gained mutation: You are partially covered in iridescent
                  | scales. (AC +2) [potion of mutation]
 53555 | D:9      | Gained mutation: You have an increased reservoir of magic.
                  | (+10% MP) [potion of mutation]
 53557 | D:9      | Lost mutation: You are strong-willed. (Will+) [potion of
                  | mutation]
 53557 | D:9      | Lost mutation: You have an increased reservoir of magic.
                  | (+10% MP) [potion of mutation]
 53557 | D:9      | Lost mutation: You are partially covered in iridescent
                  | scales. (AC +2) [potion of mutation]
 53557 | D:9      | Gained mutation: Your body sometimes deteriorates upon
                  | taking damage. [potion of mutation]
 53557 | D:9      | Gained mutation: You are dopey. (Int -2) [potion of
                  | mutation]
 53557 | D:9      | Gained mutation: Armour fits poorly on your strangely
                  | shaped body. [potion of mutation]
 53558 | D:9      | Lost mutation: Armour fits poorly on your strangely shaped
                  | body. [potion of mutation]
 53558 | D:9      | Lost mutation: You occasionally lose the ability to read
                  | scrolls when taking damage. [potion of mutation]
 53558 | D:9      | Lost mutation: You are dopey. (Int -2) [potion of mutation]
 53558 | D:9      | Gained mutation: Your spells are a little easier to cast,
                  | but a little less powerful. [potion of mutation]
 53558 | D:9      | Gained mutation: You are frail. (-10% HP) [potion of
                  | mutation]
 53559 | D:9      | Lost mutation: Your body sometimes deteriorates upon taking
                  | damage. [potion of mutation]
 53559 | D:9      | Lost mutation: Your spells are a little easier to cast, but
                  | a little less powerful. [potion of mutation]
 53559 | D:9      | Lost mutation: You are frail. (-10% HP) [potion of
                  | mutation]
 53559 | D:9      | Gained mutation: Armour fits poorly on your strangely
                  | shaped body. [potion of mutation]
 53559 | D:9      | Gained mutation: You are clumsy. (Dex -2) [potion of
                  | mutation]
 53559 | D:9      | Lost mutation: You are clumsy. (Dex -2) [potion of
                  | mutation]
 53560 | D:9      | Lost mutation: Armour fits poorly on your strangely shaped
                  | body. [potion of mutation]
 53560 | D:9      | Gained mutation: Your muscles are strong. (Str +4, Int/Dex
                  | -1) [potion of mutation]
 53560 | D:9      | Gained mutation: Your flesh is cold resistant. (rC+)
                  | [potion of mutation]
 53752 | Depths:3 | Voluntarily entered the Abyss.
 53765 | Abyss:2  | Found a corrupted altar of Lugonu.
 53890 | Abyss:3  | Got an abyssal rune of Zot
 54048 | Depths:3 | Escaped the Abyss
 54100 | Hell     | Entered the Vestibule of Hell
 54100 | Hell     | Noticed Geryon
 54616 | Arena    | Entered the Arena
 54627 | Arena    | Killed Geryon
 54653 | Hell     | Reached XP level 27. HP: 199/282 MP: 29/30
 54844 | Hell     | Found a gateway to the Iron City of Dis.
 54951 | Hell     | Reached skill level 23 in Shapeshifting
 54986 | Hell     | Found a gateway to the decaying netherworld of Tartarus.
 55076 | Hell     | Found a gateway to the freezing wastes of Cocytus.
 55182 | Hell     | Found a gateway to the ashen valley of Gehenna.
 55654 | Tomb:1   | Entered Level 1 of the Tomb of the Ancients
 55767 | Tomb:1   | Received a gift from Okawaru
 56646 | Tomb:2   | Noticed a royal mummy
 56649 | Tomb:2   | Noticed a royal mummy
 56649 | Tomb:2   | Noticed a royal mummy
 56649 | Tomb:2   | Noticed a royal mummy
 56666 | Tomb:2   | Killed a royal mummy
 56666 | Tomb:2   | Killed a royal mummy
 56670 | Tomb:2   | Killed a royal mummy
 56671 | Arena    | Entered the Arena
 56673 | Arena    | Killed a royal mummy
 56710 | Tomb:2   | Received a gift from Okawaru
 57118 | Tomb:1   | Noticed a royal mummy
 57123 | Tomb:1   | Killed a royal mummy
 57138 | Tomb:1   | Noticed a royal mummy
 57147 | Tomb:1   | Killed a royal mummy
 57167 | Tomb:1   | Noticed a royal mummy
 57183 | Tomb:1   | Killed a royal mummy
 57202 | Tomb:1   | Noticed a royal mummy
 57212 | Tomb:1   | Killed a royal mummy
 57240 | Tomb:1   | Noticed a royal mummy
 57250 | Tomb:1   | Killed a royal mummy
 57252 | Tomb:1   | Noticed a royal mummy
 57260 | Tomb:1   | Noticed a royal mummy
 57262 | Tomb:1   | Noticed a royal mummy
 57271 | Tomb:1   | Killed a royal mummy
 57278 | Tomb:1   | Noticed a royal mummy
 57283 | Tomb:1   | Killed a royal mummy
 57288 | Tomb:1   | Noticed a royal mummy
 57296 | Tomb:1   | Killed a royal mummy
 57303 | Tomb:1   | Noticed a royal mummy
 57308 | Arena    | Entered the Arena
 57309 | Arena    | Killed a royal mummy
 57331 | Tomb:1   | Killed a royal mummy
 57333 | Tomb:1   | Gained mutation: Potions are less effective at restoring
                  | your health. [mutagenic glow]
 57340 | Tomb:1   | Gained mutation: Your body sometimes deteriorates upon
                  | taking damage. [mutagenic glow]
 57343 | Tomb:1   | Killed a royal mummy
 57547 | Tomb:1   | Noticed a royal mummy
 57553 | Tomb:1   | Noticed a royal mummy
 57554 | Tomb:1   | Noticed a royal mummy
 57556 | Tomb:1   | Noticed a royal mummy
 57559 | Tomb:1   | Noticed a royal mummy
 57561 | Tomb:1   | Killed a royal mummy
 57563 | Tomb:1   | Noticed a royal mummy
 57569 | Tomb:1   | Killed a royal mummy
 57576 | Tomb:1   | Killed a royal mummy
 57576 | Tomb:1   | Received a gift from Okawaru
 57583 | Tomb:1   | Killed a royal mummy
 57592 | Tomb:1   | Killed a royal mummy
 57596 | Tomb:1   | Noticed a royal mummy
 57607 | Tomb:1   | Killed a royal mummy
 57801 | Tomb:1   | Lost mutation: Your flesh is cold resistant. (rC+) [potion
                  | of mutation]
 57801 | Tomb:1   | Lost mutation: Your body sometimes deteriorates upon taking
                  | damage. [potion of mutation]
 57801 | Tomb:1   | Lost mutation: Potions are less effective at restoring your
                  | health. [potion of mutation]
 57801 | Tomb:1   | Gained mutation: Your spells are a little harder to cast,
                  | but a little more powerful. [potion of mutation]
 57801 | Tomb:1   | Gained mutation: You possess an exceptional clarity of
                  | mind. [potion of mutation]
 57862 | Tomb:2   | Noticed Boris
 57894 | Arena    | Entered the Arena
 57897 | Arena    | Saved by the dreamshard amulet
 57922 | Tomb:2   | HP: 9/374 [Boris] (14)]
 57923 | Tomb:2   | Killed Boris
 57923 | Tomb:2   | Engulfed by a cloud of excruciating misery

Illustrated notes

Levels and vault maps discovered:
D:1:      dpeg_arrival_round_a, layout_basic
D:2:      layout_rooms, nicolae_figureground_pulse
D:3:      layout_basic, kennysheep_ying_yang, gammafunk_temple_overflow_arena,
          mainiacjoe_overflow_small_starburst, portal_sewer_entry_b
D:4:      kennysheep_the_goblin_king, layout_basic, kennysheep_generic_room_9
D:5:      layout_loops_cross, nicolae_overflow_quartered_altars,
          minmay_temple_entry_crystal_x, hangedman_decor_growths, uniq_edmund
D:6:      layout_loops_ring, mainiacjoe_overflow_surrounded_room, serial_shops,
          shop
D:7:      layout_rooms, gammafunk_ghost_necromancy
D:8:      kennysheep_kobold_camp, layout_rooms, nicolae_ru_awakened_eye,
          blue_anna_alchemist, roderic_serpentine_path, chequers_garden
D:9:      layout_roguey, enter_bailey_6, serial_shops, shop
D:10:     layout_rooms, chequers_serial_rivers_micro_e
D:11:     layout_cave_pods, minmay_lair_entry_grove, orc_0_dummy,
          minmay_microvault
D:12:     layout_irregular_city
D:13:     thingy_vault, layout_irregular_city, nicolae_benzene_ring,
          hangedman_incinerator
D:14:     layout_stronghold, erik_vaults_2, palyth_stone_intersect,
          serial_co_window_serial, co_window_of_opportunity_a,
          co_window_paths_a, co_window_of_opportunity_a, co_window_paths_b,
          co_window_paths_b, co_window_corner_a, co_window_paths_a,
          co_window_2corner, co_window_unsneaky_path_b, co_window_broadway_a,
          glass_columns_a, glass_columns_b, glass_columns_b, wad_woods_river_04,
          lightli_wizard_tower
D:15:     grunt_enter_depths_hoard, layout_cave_pools, serial_column_ruins,
          column_ruins_hut, column_ruins_hut_ruined, column_ruins_columns_T,
          column_ruins_columns_corner, column_ruins_corridor_corner,
          column_ruins_open_tiny, column_ruins_corridor_corner,
          corexii_corridor_pit
Lair:1:   layout_regular_city, minivault_25, wad_woods_01
Lair:2:   layout_cave_pods, minmay_shoals_entry_lonely_mermaid,
          infiniplex_staircase_pool
Lair:3:   layout_hall_layers, minmay_snake_entry_guardpost_medium
Lair:4:   layout_roguey, slime_entry_2, special_room
          [special_room_mythical_zoo], lemuel_another_geyser,
          serial_bayou_shore_a, lemuel_fruit_fields
Lair:5:   due_jungle_book, layout_cave_pods, serial_bayou,
          serial_bayou_lagoon_b, serial_bayou_pond_a, serial_bayou_lagoon_a,
          serial_bayou_crossing, nicolae_quartered_pool_impasse, uniq_nessos,
          uniq_kirke
Shoals:1: layout_shoals, serial_shops, nicolae_shop_pleasant_corner_grove,
          nicolae_shoals_beach_cooler, uniq_frances, uniq_donald
Shoals:2: layout_shoals, serial_shops, nicolae_shop_waterfront, uniq_jorgrun,
          uniq_nikola, uniq_polyphemus
Shoals:3: layout_shoals, serial_shops, shop, nicolae_shop_firing_range
Shoals:4: shoals_end_hangedman, layout_shoals, gammafunk_ghost_grave
Snake:1:  layout_grid_maze, nrook_guardian_serpent_ordinary, uniq_roxanne
Snake:2:  layout_concentric_octagons, grunt_megastairs_5, uniq_vashnia
Snake:3:  layout_rooms
Snake:4:  snake_pit_salamanders_mu, layout_rooms, basic_altar,
          nicolae_large_snake_swirl
Slime:1:  layout_caves
Slime:2:  layout_caves
Slime:3:  layout_caves, nicolae_slime_rock_hall_of_fame
Slime:4:  layout_caves
Slime:5:  slime_pit_nicolae_royal_road_to_ruin
Orc:1:    layout_diamond_mine, gammafunk_ghost_smash, guppyfry_orc_lava_fort
Orc:2:    st_orc_elflike, layout_caves, portal_ice_cave_entry_imps,
          nicolae_shop_gadgets
Elf:1:    nicolae_elf_arrival_fired_up, layout_geoelf_diagonals, serial_shops,
          shop, minmay_elf_sorcery, serial_sigils_hangedman_stare
Elf:2:    nicolae_elf_blades_splatter_lattice
          [nicolae_blade_entry_area_security], layout_onion_city, serial_shops,
          nicolae_shop_just_a_little_nook
Elf:3:    minmay_elf_hall, layout_onion_city, serial_shops,
          nicolae_shop_pleasant_corner_grove, shop,
          nicolae_shop_tiny_waterfront, shop, uniq_boris
Vaults:1: nicolae_vaults_diamond_1, nicolae_vaults_shipping_containers_3,
          v_misc_9, v_misc_9, ontoclasm_vaults_decontamination,
          nicolae_vaults_surprise_closet, layout_vaults_chaotic_city,
          uniq_norris
Vaults:2: hangedman_vaults_locks, ontoclasm_vaults_claustrophobia,
          blue_anna_dwarven_crypt, nicolae_vaults_hallways_thing,
          vaults_room_pool, nicolae_vaults_network_square,
          nicolae_vaults_murder_corner, nicolae_vaults_sealed_display,
          serial_ice_m, vaults_room_door_ring, grunt_vaults_hallway_short,
          layout_vaults_omnigrid
Vaults:3: v_misc_15, serial_library_hellmonk_angled_corner,
          hangedman_vaults_stream, v_misc_16, lightli_church_of_beogh,
          vaults_room_ringed_pool, hangedman_vaults_slice,
          nicolae_vaults_apartment_1, vaults_dpeg_doors, v_misc_27,
          layout_vaults_maze_snakey, serial_shops, shop
Vaults:4: hangedman_vaults_pinch, v_alt_pattern_4, nicolae_vaults_house_1,
          nicolae_vaults_closet_pinwheel_3, vaults_room_boxed,
          nicolae_vaults_house_2, hangedman_vaults_snaps,
          nicolae_vaults_stepped_doors, nicolae_vaults_alarming,
          nicolae_vaults_murderbox, vaults_room_semicircle,
          layout_vaults_big_cross
Vaults:5: serial_shops
Crypt:1:  layout_misc_corridors, gammafunk_ghost_spectres
Crypt:2:  layout_basic
Crypt:3:  evilmike_haunted_forest
Tomb:1
Tomb:2
Depths:1: evilmike_cross, layout_gridlike, enter_ziggurat_f,
          grunt_mini_vestibule, nicolae_dithmenos_shadow_blocks,
          wad_rectangle_vault, uniq_sojobo, uniq_asterion
Depths:2: regret_index_qazlal_generations, layout_gridlike,
          rand_demon_pan_entry_4, grunt_hell_entry_dis_mu
Depths:3: regret_index_reflect_refract, layout_long_grid, abyss_entry_glasseish,
          elyvilon_altar_5, pf_hell_entry_tar_spiral, grunt_pan_entry_spiral,
          infiniplex_staircase_door_maze
Depths:4: grunt_twist_and_shout, layout_gridville,
          pf_vacation_house_of_asmodeus, amcnicky_mini_rare_corridor_liquid
Hell
Zot:1:    layout_twisted_circle, regret_index_zotdec_twisting_globes,
          regret_index_zotdec_abyssal_contain_seething_sorcery
Zot:2:    layout_basic
Zot:3:    layout_basic
Zot:4:    layout_concentric_octagons, st_single_dragon_hoard_3, uniq_josephina,
          uniq_vv
Zot:5:    layout_misc_corridors

Skill      XL: |  1  2  3  4  5  6  7  8  9 10 11 12 13 14 15 16 17 18 19 20 21 22 23 24 25 26 27 |
---------------+----------------------------------------------------------------------------------+-----
Fighting       | 1 2 3 4 5 6 7 8 9 10 11 12 13 14 15 16 17 18 19 | 19.2
Unarmed Combat | 4 5 6 7 8 9 10 12 13 15 17 18 19 20 21 22 | 22.0
Shapeshifting  | 4 5 6 7 8 9 11 12 13 14 15 16 17 19 20 21 22 23 | 23.0
Dodging        | 2 3 4 5 6 7 8 9 10 11 12 13 14 16 17 18 | 18.3
Armour         | 2 3 4 5 6 7 8 9 10 11 12 13 14 | 14.9
Invocations    | 1 3 4 6 7 8 9 10 11 | 11.9
Throwing       | 3 4 5 7 8 10 13 | 13.3
Shields        | 2 5 9 11 12 13 14 | 14.7
Evocations     | 2 4 |  4.7

Action                     |  1- 3 |  4- 6 |  7- 9 | 10-12 | 13-15 | 16-18 | 19-21 | 22-24 | 25-27 || total
---------------------------+-------+-------+-------+-------+-------+-------+-------+-------+-------++-------
  Melee: Unarmed           |    81 |   123 |   268 |   587 |  1076 |  1276 |  1631 |  1538 |  1402 ||  7982
         Punch             |       |     2 |    10 |    43 |    62 |       |       |       |       ||   117
  Throw: Throwing net      |       |       |       |     1 |       |       |       |       |       ||     1
         Javelin           |       |       |       |       |    17 |    46 |   119 |     3 |    91 ||   276
         Large rock        |       |       |       |       |     1 |    13 |     9 |    16 |    50 ||    89
 Invoke: Heroism           |       |       |       |     6 |     7 |    13 |    13 |    10 |    13 ||    62
         Receive Weapon    |       |       |       |     1 |       |       |       |       |       ||     1
         Receive Armour    |       |       |       |     1 |       |       |       |       |       ||     1
         Finesse           |       |       |       |       |     1 |     2 |     1 |     1 |     4 ||     9
         Duel              |       |       |       |       |       |     1 |     2 |     1 |     4 ||     8
Ability: Begin Untransform |       |       |       |       |       |     1 |       |       |     1 ||     2
         Siphon Essence    |       |       |       |       |       |       |       |       |     1 ||     1
  Evoke: Wand              |       |       |     6 |    17 |    36 |     3 |     4 |       |     1 ||    67
         Phial of floods   |       |       |       |       |       |       |     1 |       |       ||     1
    Use: Potion            |     1 |     1 |     2 |     2 |     7 |     1 |    16 |     3 |    19 ||    52
         Scroll            |       |     2 |    13 |     9 |    11 |       |     6 |     6 |     7 ||    54
   Stab: Sleeping          |       |     1 |       |       |       |       |       |       |       ||     1
         Paralysed         |       |       |       |       |     4 |       |       |       |       ||     4
         Invisible         |       |       |       |       |       |       |     6 |       |       ||     6
         Petrified         |       |       |       |       |       |       |       |    10 |       ||    10
         Distracted        |       |       |       |       |       |       |       |     1 |     1 ||     2
 Armour: Animal skin       |    49 |    31 |     7 |       |       |       |       |       |       ||    87
         Skin              |    35 |    36 |       |       |    49 |   413 |    77 |  1078 |   642 ||  2330
         Acid dragon scale |       |       |   120 |   218 |       |       |       |       |       ||   338
         Gold dragon scale |       |       |       |   191 |   923 |   671 |   795 |       |   603 ||  3183
  Dodge: Dodged            |    25 |    44 |   258 |   380 |   562 |   779 |   443 |   887 |  1171 ||  4549
  Block: Kite shield       |       |       |       |       |   278 |  1327 |  1335 |  1748 |  1472 ||  6160
         Reflection        |       |       |       |       |       |    19 |    68 |    16 |     2 ||   105
   Form: Beast             |       |       |     1 |     2 |     2 |     3 |       |       |       ||     8
         Flux              |       |       |     1 |       |       |       |       |       |       ||     1
         Blade             |       |       |       |     3 |       |       |       |       |       ||     3
         Statue            |       |       |       |       |     2 |     1 |     1 |     1 |     5 ||    10
         Death             |       |       |       |       |       |       |       |     1 |     6 ||     7
